 Dungeon Crawl Stone Soup version 0.28-a0-938-gbc3f381ebc (webtiles) character file.

Game seed: 3003268370536760530

3040 croobank the Quickloader (level 10, -3/70 HPs)
             Began as a Human Monk on Nov 28, 2021.
             Was a Priest of Ru.
             Shot with an arrow by a centaur (9 damage)
             ... on level 8 of the Dungeon.
             The game lasted 01:03:37 (8854 turns).

croobank the Quickloader (Human Monk)               Turns: 8854, Time: 01:03:37

Health: -3/70      AC:  9    Str: 15 (16) XL:     10   Next: 11%
Magic:  14/14      EV: 10    Int: 13 (14) God:    Ru [***...]
Gold:   549        SH:  0    Dex: 15      Spells: 6/14 levels left

rFire   x . .      SeeInvis +   a - +5 hand axe (freeze)
rCold   x . .      Faith    .   (no shield)
rNeg    + . .      Spirit   .   d - +1 ring mail of Failure {rN+ SInv Stlth+}
rPois   .          Reflect  .   (no helmet)
rElec   .          Harm     .   (no cloak)
rCorr   +          Rampage  .   C - +2 pair of gloves
Will    .....                   (no boots)
Stlth   ++........              (no amulet)
HPRegen 0.21/turn               i - +6 ring of strength
MPRegen 0.14/turn               G - ring of resist corrosion

@: no status effects
A: weak 1, inability to train dodging, temperature sensitive
a: Renounce Religion, Draw Out Power


You were on level 8 of the Dungeon.
You worshipped Ru.
Ru was most pleased with you.
You visited 1 branch of the dungeon, and saw 8 of its levels.
You also visited: Sewer.

You collected 549 gold pieces.

Inventory:

Hand Weapons
 a - a +5 hand axe of freezing (weapon)
 b - a +0 arbalest of chaos
 j - a +2 vorpal spear
 m - a +1 hand axe
 w - a +2 dagger of freezing
 y - a +1 vorpal mace
 D - a +2 flail of draining
 H - a +2 halberd
 K - a +3 short sword of venom
Missiles
 c - 229 stones (quivered)
 e - 24 bolts
 f - 62 sling bullets
 k - 2 javelins
 s - 7 boomerangs
 v - 2 datura-tipped darts
 z - a throwing net
 F - 52 arrows
 I - a silver boomerang
 J - a curare-tipped dart
Armour
 d - the +1 ring mail of Failure (worn) {rN+ SInv Stlth+}
   (You found it on level 5 of the Dungeon)

   rN:        It protects you from negative energy.
   SInv:      It lets you see invisible.
   Stlth:     It makes you more stealthy.
 g - a +0 plate armour
 h - a +0 ring mail
 n - a +0 scale mail
 o - a +2 leather armour of fire resistance
 r - a +0 chain mail
 t - +0 steam dragon scales
 C - a +2 pair of gloves (worn)
Jewellery
 i - a +6 ring of strength (left hand)
 G - a ring of resist corrosion (right hand)
Wands
 l - a wand of polymorph (19)
 B - a wand of flame (16)
Scrolls
 p - 2 scrolls of magic mapping
 E - 3 scrolls of teleportation
 L - 2 scrolls of fear
 N - a scroll of summoning {unknown}
Potions
 q - a potion of flight
 u - 3 potions of haste
 x - a potion of cancellation


   Skills:
 - Level 3.2 Fighting
 - Level 3.6(5.0) Axes
 - Level 5.2(5.7) Maces & Flails
 - Level 8.2 Crossbows
 - Level 0.2 Armour
 - Level 2.3 Stealth
 - Level 2.6 Spellcasting
 + Level 4.8 Hexes
 - Level 3.3 Transmutations
 + Level 4.5 Ice Magic


You had 6 spell levels left.
You knew the following spells:

 Your Spells              Type           Power      Damage    Failure   Level
a - Beastly Appendage     Tmut           20%        N/A       12%         1
b - Wereblood             Tmut           10%        N/A       19%         2
c - Spider Form           Tmut/Pois      6%         N/A       56%         3
d - Ensorcelled Hibernat  Hex/Ice        26%        N/A       11%         2

Your spell library contained the following spells:

 Spells                   Type           Power      Damage    Failure   Level
 Ozocubu's Armour         Ice            13%        N/A       22%         3
 Animate Skeleton         Necr           2%         N/A       43%         1
 Apportation              Tloc           2%         N/A       43%         1
 Summon Small Mammal      Summ           4%         N/A       43%         1
 Sublimation of Blood     Necr           1%         N/A       56%         2
 Ozocubu's Refrigeration  Ice            6%         4d6       100%        7
 Summon Hydra             Summ           0%         N/A       100%        7


Dungeon Overview and Level Annotations

Branches:
Dungeon (8/15)             Temple (0/1) D:7           Sewer (visited)
   Lair: D:8-11

Altars:
Makhleb
Nemelex Xobeh
Okawaru
Ru
Xom


Innate Abilities, Weirdness & Mutations

You are weak. (Str -2)
You cannot train Dodging skill.
You are sensitive to extremes of temperature. (rF-, rC-)


Message History

You barely miss the yak.
The yak bellows!
You hit the yak. You freeze the yak.
You hear a bellow!
The yak gores you!
A yak comes into view.
The yak misses you.
A yak comes into view.
The yak bellows!
You hit the yak but do no damage. You hit the yak. You freeze the yak.
The yak gores you but does no damage. The yak gores you!
You hit the yak. You freeze the yak.
The yak is lightly wounded.
You hit the yak but do no damage. The yak gores you.
The yak gores you but does no damage.
You hit the yak. You freeze the yak.
The yak is lightly wounded.
You hit the yak but do no damage. You hit the yak. You freeze the yak.
The yak gores you.
You focus your inner power and blind the yak in retribution!
The yak misses you. The yak gores you.
You slash the yak! You freeze the yak.
The yak is severely wounded.
You hit the yak. You freeze the yak. You hit the yak but do no damage.
The yak gores you. The yak gores you!
* * * LOW HITPOINT WARNING * * *
The yak gores you!
* * * LOW HITPOINT WARNING * * *
Okay, then.
Blink to where?
Press: ? - help, Dir - move target
As you read the scroll of blinking, it crumbles to dust.
A centaur comes into view.
A yak comes into view.
There is an escape hatch in the floor here.
Okay, then.
The centaur shouts!
The centaur wields a +0 shortbow.
The centaur shoots an arrow.
The arrow hits you!
You die...

. #. ###..##Y....... .
..#.####.........#..
.##...........Y......## ..
..#.
#...........#.Y.##....
....#
##...#.....##YY.......
...[.#####..##.YY.#..#...
......####..##......##.#.
...........##........#
.......##.......@....#
.....)<###.........#..#
.......).##..............
......)..................#
..........###.............
......<.....#.............
.....#..#.....##c.........
...###..##...............
..# #.## ..###


You could see 6 yaks and a centaur.

Vanquished Creatures
  A yak (D:8)
  A shadow (D:7)
  A steam dragon (D:6)
  Duvessa (D:7)
  2 orc warriors
  A sky beast (D:6)
  2 black bears
  2 ogres
  A centaur (D:6)
  A phantom (D:6)
  A kobold brigand (D:5)
  2 bullfrogs
  A scorpion (D:5)
  Dowan (D:7)
  3 wights
  5 howler monkeys
  8 orc priests
  A hound (D:4)
  2 gnoll shamans
  2 jellies (D:6)
  A centaur skeleton (D:6)
  Jessica (D:3)
  A scorpion zombie (D:3)
  Ijyb (D:3)
  2 iguanas
  8 orc wizards
  A hound skeleton (D:4)
  A howler monkey zombie (D:6)
  9 gnolls
  A howler monkey skeleton (D:4)
  6 adders
  A river rat (D:6)
  A shadow imp (D:6)
  A white imp (D:7)
  2 adder skeletons (D:4)
  A dart slug (D:2)
  19 orcs
  15 ball pythons
  5 endoplasms
  7 giant cockroaches
  5 hobgoblins
  4 jackals
  4 quokkas
  4 bats
  6 frilled lizards
  10 goblins
  28 kobolds
  9 rats
193 creatures vanquished.

Vanquished Creatures (others)
  A bullfrog (D:7)
  An orc (D:4)
  A quokka (D:8)
  A plant (Sewer)
4 creatures vanquished.

Grand Total: 197 creatures vanquished

Notes
Turn   | Place    | Note
-------+----------+-------------------------------------------
     0 | D:1      | croobank the Human Monk began the quest for the Orb.
     0 | D:1      | Reached XP level 1. HP: 18/18 MP: 1/1
   277 | D:1      | Reached XP level 2. HP: 24/24 MP: 2/2
   514 | D:1      | Found a faded altar of an unknown god.
   529 | D:1      | Prayed at the altar of an unknown god.
   529 | D:1      | Became a worshipper of Ru the Awakened
   545 | D:1      | Gained mutation: You are sensitive to extremes of
                  | temperature. (rF-, rC-) [Ru sacrifice]
   545 | D:1      | Reached * piety under Ru
   545 | D:1      | Reached ** piety under Ru
   769 | D:2      | Reached XP level 3. HP: 24/29 MP: 3/3
  1123 | D:2      | Reached skill level 1 in Maces & Flails
  1414 | D:3      | Reached XP level 4. HP: 8/35 MP: 4/4
  1716 | D:3      | Noticed Ijyb
  1789 | D:3      | Noticed Jessica
  1793 | D:3      | Killed Jessica
  1794 | D:3      | Reached XP level 5. HP: 33/41 MP: 5/5
  2016 | D:3      | Noticed a bullfrog
  2021 | D:3      | Killed Ijyb
  2034 | D:3      | Killed a bullfrog
  2036 | D:3      | Reached XP level 6. HP: 28/47 MP: 6/6
  2364 | D:4      | Found a glowing drain.
  2387 | Sewer    | Entered a sewer
  2876 | Sewer    | Reached skill level 5 in Maces & Flails
  3082 | D:4      | Gained mutation: You cannot train Dodging skill. [Ru
                  | sacrifice]
  3082 | D:4      | Reached *** piety under Ru
  3386 | D:4      | Reached skill level 1 in Spellcasting
  3386 | D:4      | Reached skill level 1 in Transmutations
  3386 | D:4      | Reached XP level 7. HP: 52/52 MP: 8/8
  3389 | D:4      | Learned a level 1 spell: Beastly Appendage
  3392 | D:4      | Learned a level 2 spell: Wereblood
  3396 | D:4      | Learned a level 3 spell: Spider Form
  3870 | D:4      | Found a shimmering altar of Xom.
  4297 | D:5      | Entered Level 5 of the Dungeon
  4475 | D:5      | Reached skill level 1 in Crossbows
  4797 | D:5      | Reached skill level 2 in Crossbows
  4797 | D:5      | Reached XP level 8. HP: 58/58 MP: 12/12
  4844 | D:5      | Found Axkih's Assorted Antiques.
  4859 | D:5      | Reached skill level 3 in Crossbows
  4942 | D:5      | Identified the +1 ring mail of Failure {rN+ SInv Stlth+}
  5180 | D:5      | Reached skill level 4 in Crossbows
  5411 | D:5      | Reached skill level 5 in Crossbows
  5592 | D:5      | Found a sparkling altar of Nemelex Xobeh.
  5612 | D:5      | Found a burning altar of Makhleb.
  5684 | D:6      | HP: 2/58 [orc wizard/puff of flame (19)]
  5692 | D:6      | Reached skill level 6 in Crossbows
  5911 | D:6      | Found an iron altar of Okawaru.
  6093 | D:6      | Reached XP level 9. HP: 51/64 MP: 13/13
  6105 | D:6      | Reached skill level 7 in Crossbows
  6180 | D:6      | Reached skill level 8 in Crossbows
  6442 | D:6      | Gained mutation: You are weak. (Str -2) [Ru sacrifice]
  6529 | D:6      | Learned a level 2 spell: Ensorcelled Hibernation
  7176 | D:6      | Reached skill level 1 in Hexes
  7176 | D:6      | Reached skill level 1 in Ice Magic
  7888 | D:7      | Found a staircase to the Ecumenical Temple.
  7978 | D:7      | Noticed Dowan
  7984 | D:7      | Noticed Duvessa
  7987 | D:7      | Killed Dowan
  8225 | D:7      | Killed Duvessa
  8226 | D:7      | Reached XP level 10. HP: 36/70 MP: 14/14
  8854 | D:8      | Shot with an arrow by a centaur

Illustrated notes

Levels and vault maps discovered:
D:1:      amcnicky_arrival_feature_with_door, layout_rooms,
          hellmonk_ecumenical_altar_crossroads
D:2:      layout_rooms, kennysheep_generic_room_3
D:3:      layout_rooms, uniq_jessica, uniq_ijyb
D:4:      layout_loops_cross, tgw_xom, portal_sewer_entry_a, nzn_random_ring
D:5:      layout_loops_ring, mainiacjoe_overflow_swirl, serial_shops,
          nicolae_shop_hallway_plus, grunt_tough_drop
D:6:      layout_loops_cross, mainiacjoe_overflow_surrounded_room,
          grunt_decor_resistance, minmay_misc_feat_roman, nrook_pool_corridor
D:7:      layout_rooms, minmay_temple_entry_mini_moons, uniq_duvessa
D:8:      layout_cave_pools, ashenzari_conservatory_becter, elyvilon_altar_4,
          hangedman_minor_gate_pass, uniq_maurice

Skill      XL: |  1  2  3  4  5  6  7  8  9 10 |
---------------+-------------------------------+-----
Maces & Flails | 2 3 4 5 |  5.2
Dodging        | 0 |  0.0
Spellcasting   | 1 2 |  2.6
Transmutations | 1 3 |  3.3
Crossbows      | 2 6 8 |  8.2
Hexes          | 4 |  4.8
Ice Magic      | 3 4 |  4.5
Fighting       | |  3.2
Axes           | |  3.6
Armour         | |  0.2
Stealth        | |  2.3

Action                   |  1- 3 |  4- 6 |  7- 9 | 10-12 || total
-------------------------+-------+-------+-------+-------++-------
Melee: Hand axe          |    57 |       |    42 |    30 ||   129
       Flail             |    34 |   134 |   298 |       ||   466
       Kick              |       |       |     7 |       ||     7
       Headbutt          |       |       |     4 |       ||     4
 Fire: Hunting sling     |     2 |     2 |     9 |       ||    13
       Arbalest          |       |       |    26 |     3 ||    29
Throw: Stone             |       |       |     7 |       ||     7
 Cast: Wereblood         |       |       |     4 |       ||     4
       Beastly Appendage |       |       |     3 |       ||     3
       Ensorcelled Hiber |       |       |     4 |       ||     4
Invok: Sacrifice Resista |     1 |       |       |       ||     1
       Sacrifice Nimblen |       |     1 |       |       ||     1
       Draw Out Power    |       |       |     2 |       ||     2
       Sacrifice Purity  |       |       |     1 |       ||     1
Evoke: Wand              |       |       |     2 |       ||     2
  Use: Scroll            |     4 |     6 |    12 |     2 ||    24
       Potion            |       |     5 |     7 |     2 ||    14
 Stab: Sleeping          |     4 |     2 |     2 |       ||     8
       Invisible         |       |       |     8 |       ||     8
Armor: Robe              |     4 |       |       |       ||     4
       Leather armour    |    12 |    47 |    39 |       ||    98
       Ring mail         |       |       |    66 |     7 ||    73
       Skin              |       |       |    43 |     6 ||    49
Dodge: Dodged            |    53 |    89 |   173 |    18 ||   333

Table legend: (Time is in decaauts)
 A = Elapsed time spent in this place.
 B = Non-inter-level travel time spent in this place.
 C = Inter-level travel time spent in this place.
 D = Time resting spent in this place.
 E = Time spent auto-exploring this place.
 F = Levels seen in this place.
 G = Mean time per level.
                   A        B        C        D        E       F      G
               +--------+--------+--------+--------+--------+-----+--------+
         Total |   8975 |   8844 |    131 |   2587 |   4010 |   9 |  997.2 |
       Dungeon |   8376 |   8245 |    131 |   2587 |   3591 |   8 | 1047.0 |
         Sewer |    599 |    599 |      0 |      0 |    418 |   1 |  599.0 |
               +--------+--------+--------+--------+--------+-----+--------+

Top non-repeatable levels by time:
     D:6: 1773 daAuts
     D:4: 1382 daAuts
     D:5: 1357 daAuts
     D:7: 1108 daAuts
     D:3: 999 daAuts
     D:1: 757 daAuts
     D:2: 638 daAuts
   Sewer: 599 daAuts
     D:8: 359 daAuts
